 Dungeon Crawl Stone Soup version 0.26.1-11-gd32895ea62 (webtiles) character file.

Game seed: 1685334300330689327

112 Almogavar the Sneak (level 4, 0/22 HPs)
             Began as a Spriggan Brigand on May 26, 2021.
             Succumbed to an adder's poison
             ... on level 2 of the Dungeon.
             The game lasted 00:09:11 (1440 turns).

Almogavar the Sneak (Spriggan Brigand)              Turns: 1440, Time: 00:09:11

Health: 0/22       AC:  5    Str:  7    XL:     4   Next: 63%
Magic:  5/5        EV: 17    Int: 12    God:
Gold:   139        SH:  0    Dex: 20    Spells: 3/3 levels left

rFire    . . .     SeeInvis +   a - +2 dagger
rCold    . . .     Faith    .   (shield restricted)
rNeg     . . .     Spirit   .   b - +0 robe
rPois    +         Reflect  .   (helmet restricted)
rElec    .         Harm     .   c - +0 cloak
rCorr    .         Rampage  .   (gloves unavailable)
Will     .....                  (boots unavailable)
Stlth    +++++.....             (no amulet)
HPRegen  0.07/turn              (no ring)
MPRegen  0.09/turn              (no ring)

@: lethally poisoned (0 -> -3), very quick
A: very small, unfitting armour, antennae 1, slimy green scales 1, thin skeletal
structure 1, see invisible, speed 3, poison resistance
a: no special abilities


You were on level 2 of the Dungeon.
You visited 1 branch of the dungeon, and saw 2 of its levels.

You collected 139 gold pieces.

Inventory:

Hand Weapons
 a - a +2 dagger (weapon)
 f - a cursed -1 short sword
Missiles
 e - 5 poisoned darts (quivered)
 h - 53 stones
 n - 2 curare-tipped darts
Armour
 b - a +0 robe (worn)
 c - a +0 cloak (worn)
 m - a +0 hat of willpower
Scrolls
 d - a scroll of fear {unknown}
 g - 2 scrolls of teleportation {unknown}
 i - a scroll of remove curse {unknown}
 j - a scroll of enchant armour {unknown}
 l - a scroll of magic mapping {unknown}


   Skills:
 + Level 1.6 Fighting
 + Level 3.3 Short Blades
 + Level 2.8 Throwing
 + Level 1.6 Dodging
 + Level 7.7 Stealth


You had 3 spell levels left.
You didn't know any spells.
Your spell library was empty.

Dungeon Overview and Level Annotations

Branches:
Dungeon (2/15)

Altars:
Uskayaw


Innate Abilities, Weirdness & Mutations

You are very small and have problems with some larger weapons.
You are too small for most types of armour.
You have supernaturally acute eyesight. (SInv)
You cover ground extremely quickly.
You have a pair of small antennae on your head.
You are partially covered in slimy green scales. (AC +2)
You have a somewhat thin skeletal structure. (Dex +2, Stealth)
Your system is resistant to poisons. (rPois)


Message History

The adder bites you.
* * * LOW HITPOINT WARNING * * *
You hit the adder.
The adder is almost dead.
* * * LOW HITPOINT WARNING * * *
You feel sick. The adder bites you but does no damage.
You hit the adder.
You kill the adder!
You see here a dart slug corpse.
* * * LOW HITPOINT WARNING * * *
You feel sick.
* * * LOW HITPOINT WARNING * * *
You feel sick.
There is a lethal amount of poison in your body!
There is a lethal amount of poison in your body!
There is a lethal amount of poison in your body!
Unknown command.
* * * LOW HITPOINT WARNING * * *
You feel sick.
You die...

..# #.# ###.###'###..#
..# #.# ####.....'_###..#
..#####.#
#......###'###..#
..(<##..###.##.#.# #.# #
.....#...........###.###
..#.....#...............
..##..............##.#.#
.##........>............
.##.............@.#######
.#...#.#...)......#
...###.#..........#
.................##
.#.###.#..........# ...#
#.#..........# .###
#.#..........# .#
#............# .#
###..........#


There were no monsters in sight!

Vanquished Creatures
  A big kobold (D:2)
  2 adders
  2 dart slugs (D:2)
  A ball python (D:1)
  4 giant cockroaches
  3 hobgoblins (D:1)
  2 jackals (D:1)
  3 kobolds
  A bat (D:1)
  2 frilled lizards
  6 rats
27 creatures vanquished.

Notes
Turn   | Place    | Note
-------+----------+-------------------------------------------
     0 | D:1      | Almogavar the Spriggan Brigand began the quest for the Orb.
     0 | D:1      | Reached XP level 1. HP: 10/10 MP: 2/2
    78 | D:1      | Reached skill level 6 in Stealth
   155 | D:1      | Reached XP level 2. HP: 14/14 MP: 3/3
  1018 | D:1      | Reached skill level 7 in Stealth
  1018 | D:1      | Reached XP level 3. HP: 8/18 MP: 4/4
  1197 | D:2      | Noticed a big kobold
  1339 | D:2      | Killed a big kobold
  1340 | D:2      | Reached XP level 4. HP: 22/22 MP: 5/5
  1399 | D:2      | Found a hide-covered altar of Uskayaw.
  1413 | D:2      | Gained mutation: You tend to lose your temper in combat.
                  | [potion of mutation]
  1413 | D:2      | Gained mutation: You expend magic power (3 MP) to
                  | strengthen your wands. [potion of mutation]
  1414 | D:2      | Lost mutation: You tend to lose your temper in combat.
                  | [potion of mutation]
  1414 | D:2      | Lost mutation: You expend magic power (3 MP) to strengthen
                  | your wands. [potion of mutation]
  1414 | D:2      | Gained mutation: You are clumsy. (Dex -2) [potion of
                  | mutation]
  1414 | D:2      | Gained mutation: You have a somewhat thin skeletal
                  | structure. (Dex +2, Stealth) [potion of mutation]
  1415 | D:2      | Lost mutation: You are clumsy. (Dex -2) [potion of
                  | mutation]
  1415 | D:2      | Gained mutation: Your system is resistant to poisons.
                  | (rPois) [potion of mutation]
  1415 | D:2      | Gained mutation: You have a pair of small antennae on your
                  | head. [potion of mutation]
  1415 | D:2      | Gained mutation: You are partially covered in slimy green
                  | scales. (AC +2) [potion of mutation]
  1434 | D:2      | HP: 1/22 [poisoned by an adder]
  1440 | D:2      | Succumbed to an adder's poison

Illustrated notes

Levels and vault maps discovered:
D:1:      psy_arrival_basics, layout_basic
D:2:      layout_rooms, lemuel_doored_altar, chequers_ecumenical_altar_twisty,
          uniq_natasha

Skill      XL: |  1  2  3 |
---------------+----------+-----
Stealth        | 6 7 |  7.7
Short Blades   | 3 |  3.3
Fighting       | |  1.6
Throwing       | |  2.8
Dodging        | |  1.6

Action                   |  1- 3 |  4- 6 || total
-------------------------+-------+-------++-------
Melee: Dagger            |    41 |    12 ||    53
Throw: Dart              |    22 |       ||    22
       Stone             |     4 |       ||     4
  Use: Potion            |       |     3 ||     3
 Stab: Sleeping          |    10 |     1 ||    11
Armor: Robe              |     2 |     3 ||     5
Dodge: Dodged            |    16 |     8 ||    24
